 Dungeon Crawl Stone Soup version 0.17-b1-25-g6d8775f (webtiles) character file.

4250 George the Carver (level 10, -2/74 HPs)
             Began as a Demonspawn Gladiator on Nov 5, 2015.
             Was a Believer of Makhleb.
             Killed from afar by an electric eel (5 damage)
             ... with a bolt of electricity
             ... on level 8 of the Dungeon.
             The game lasted 00:29:42 (10972 turns).

George the Carver (Demonspawn Gladiator)           Turns: 10972, Time: 00:29:42

Health: -2/74      AC: 19    Str: 18    XL:     10   Next: 9%
Magic:  14/14      EV:  7    Int: 10    God:    Makhleb [**....]
Gold:   460        SH:  0    Dex: 14    Spells: 0 memorised, 9 levels left

rFire  . . .     SeeInvis .     a - +1 long sword
rCold  + . .     Clarity  .     h - +1 chain mail
rNeg   . . .     SustAt   .     (no shield)
rPois  .         Gourm    .     (helmet restricted)
rElec  .         Spirit   .     q - +2 cloak
rCorr  .         Warding  .     g - +2 pair of gloves
rMut   .         Stasis   .     C - +1 pair of boots
MR     .....                    (no amulet)
Stlth  ..........               o - ring of flight
                                D - ring of protection from cold

@: heavily drained, not resistant to hostile enchantments, extremely unstealthy
A: horns 1, yellow scales 1, demonic guardian 1, nightstalker 2
a: Minor Destruction, Renounce Religion, Evoke Flight


You were on level 8 of the Dungeon.
You worshipped Makhleb.
Makhleb was pleased with you.
You were not hungry.

You visited 2 branches of the dungeon, and saw 9 of its levels.
You also visited: Sewer.

You collected 460 gold pieces.

Inventory:

Hand Weapons
 a - a +1 long sword (weapon)
 m - a +1 short sword of venom
Missiles
 d - 3 throwing nets
 n - 2 tomahawks (quivered)
Armour
 g - a +2 pair of gloves (worn)
 h - a +1 chain mail (worn)
 q - a +2 cloak (worn)
 C - a +1 pair of boots (worn)
Jewellery
 o - a ring of flight (right hand)
 y - an uncursed ring of fire
 z - an uncursed ring of fire
 D - a ring of protection from cold (left hand)
Wands
 x - a wand of draining (12)
 A - a wand of hasting (3)
 E - a wand of digging (14)
 F - a wand of frost (27)
Scrolls
 s - 2 scrolls of identify
 t - 5 scrolls of teleportation
 v - 3 scrolls of fear
 w - a scroll of remove curse
 B - 2 scrolls of enchant armour
 G - a scroll of blinking
Potions
 b - 4 potions of mutation
 c - a potion of cure mutation
 j - a potion of invisibility
 k - 3 potions of curing
 l - a potion of agility
 p - 2 potions of flight
 r - 2 potions of heal wounds
 u - 2 potions of magic
Comestibles
 e - 4 bread rations
 f - 8 meat rations
 i - 2 slices of pizza


   Skills:
 + Level 5.3(2.7) Fighting
 + Level 11.2(8.1) Long Blades
 - Level 1.7(0.0) Throwing
 + Level 4.1(1.6) Armour
 - Level 2.6(0.2) Dodging
 + Level 6.2(3.5) Invocations


You had 9 spell levels left.
You didn't know any spells.

Dungeon Overview and Level Annotations

Branches:
Dungeon (8/15)             Temple (1/1) D:6
   Lair: D:8-11

Altars:
Ashenzari
Cheibriados
Dithmenos
Elyvilon
Fedhas
Kikubaaqudgha
Makhleb
Okawaru
Qazlal
Ru
Sif Muna
Trog
Vehumet
Xom
Zin
The Shining One


Innate Abilities, Weirdness & Mutations

You have a pair of small horns on your head.
You are partially covered in yellow scales (AC +2).
A weak demonic guardian rushes to your aid.
You are significantly more attuned to the shadows.


Message History

The bolt of electricity hits you!
The electric eel shoots out a bolt of lightning at you!
The bolt of electricity hits you!
Your unstable footing causes you to fumble your attack.
The electric eel shoots out a bolt of lightning at you!
The bolt of electricity hits you!
The electric eel shoots out a bolt of lightning at you!
The bolt of electricity hits you!
The electric eel shoots out a bolt of lightning at you!
The bolt of electricity hits you!
The electric eel shoots out a bolt of lightning at you!
The bolt of electricity hits the electric eel.
The electric eel completely resists.
The bolt of electricity hits you!
* * * LOW HITPOINT WARNING * * *
The bolt of electricity hits you!
* * * LOW HITPOINT WARNING * * *
Your iron imp closely misses the electric eel.
The electric eel shoots out a bolt of lightning at you!
The bolt of electricity hits you!
You die...

#............#
#.###########
#####.#...####
#...........#
#####.###.#
###########.#
.................#
#.#
......≈......≈.#.#
#.#
......≈.≈..≈≈..#.#
#.#
.≈..≈.≈≈≈≈.≈≈..#.#
#.#####
..≈≈;≈.≈≈≈≈≈.≈.#.#
#.....# ...≈≈≈≈
≈≈≈...#@# ####.##
...≈≈≈≈ ≈≈.;≈≈#.#
#...# .≈≈≈≈.≈
.≈≈≈;≈..# #.###
..≈≈≈.. ≈≈≈≈≈;..# #.#
..≈≈.≈. .≈≈≈≈5.## #.#
...≈.. ≈≈≈≈≈≈.### #.#
..≈≈≈ ≈≈≈≈≈≈...# #.#
≈≈≈≈.##.#########.#
≈≈≈...............###


You could see an electric eel and a friendly iron imp.

Vanquished Creatures
  The ghost of chonchonts the Covert, a novice OpAs of Dithmenos (D:8)
  A troll (D:8)
  The ghost of Snowclone the Poker, an amateur HuWn (D:7)
  Eustachio (D:6)
  2 hippogriffs (D:8)
  A wolf (D:8)
  Duvessa (D:7)
  2 ice beasts
  2 ogres
  2 orc warriors
  A big kobold (D:8)
  The ghost of kraktruk the Skirmisher, an amateur GrFi (D:3)
  3 giant frogs
  Blork the orc (D:5)
  Dowan (D:7)
  A scorpion (D:6)
  9 killer bees (D:8)
  A crimson imp (D:5)
  3 orc priests (D:3)
  A giant frog zombie (D:8)
  2 gnoll shamans
  2 orc wizards
  Crazy Yiuf (D:2)
  6 hounds
  An iguana (D:7)
  A jelly (D:6)
  Terence (D:3)
  Natasha (thrice) (D:3)
  5 worker ants
  A killer bee zombie (D:5)
  3 hound skeletons
  2 worker ant zombies (D:5)
  9 gnolls
  14 adders
  2 shadow imps (D:5)
  5 oozes
  An adder zombie (D:6)
  5 worms
  An adder skeleton (D:8)
  19 orcs
  2 ball pythons (Sewer)
  9 giant cockroaches
  13 hobgoblins
  20 jackals
  4 quokkas
  13 bats
  7 giant geckos
  6 giant newts
  11 goblins
  12 kobolds
  7 rats
224 creatures vanquished.

Vanquished Creatures (collateral kills)
  A wolf (D:8)
  A centaur (D:8)
  2 killer bees (D:8)
  Ijyb (D:3)
  An orc priest (D:3)
  Jessica (D:2)
  2 hounds (D:8)
  A giant cockroach (D:6)
  3 kobolds
  2 jackals
15 creatures vanquished.

Vanquished Creatures (others)
  A fungus (D:8)
1 creature vanquished.

Grand Total: 240 creatures vanquished

Notes
Turn   | Place    | Note
--------------------------------------------------------------
     0 | D:1      | George the Demonspawn Gladiator began the quest for the Orb.
     0 | D:1      | Reached XP level 1. HP: 16/16 MP: 1/1
    71 | D:1      | Reached skill level 3 in Long Blades
   144 | D:1      | Gained mutation: A weak demonic guardian rushes to your aid. [demonic ancestry]
   144 | D:1      | Reached XP level 2. HP: 22/22 MP: 2/2
   760 | D:1      | Reached XP level 3. HP: 27/27 MP: 3/3
  1115 | D:2      | Reached skill level 4 in Long Blades
  1335 | D:2      | Found a white marble altar of Elyvilon.
  1447 | D:2      | Found a shadowy altar of Dithmenos.
  1564 | D:2      | Gained mutation: You have a pair of small horns on your head. [demonic ancestry]
  1564 | D:2      | Reached XP level 4. HP: 33/33 MP: 4/4
  1705 | D:2      | Noticed Jessica
  1712 | D:2      | Killed Jessica
  1712 | D:2      | Reached skill level 5 in Long Blades
  2068 | D:2      | Noticed Crazy Yiuf
  2080 | D:2      | Killed Crazy Yiuf
  2080 | D:2      | Gained mutation: You are slightly more attuned to the shadows. [demonic ancestry]
  2080 | D:2      | Reached XP level 5. HP: 26/38 MP: 5/5
  2261 | D:3      | Noticed Natasha
  2267 | D:3      | Killed Natasha
  2492 | D:3      | Noticed Terence
  2506 | D:3      | Killed Terence
  2506 | D:3      | Reached skill level 6 in Long Blades
  2529 | D:3      | Noticed Natasha
  2533 | D:3      | Killed Natasha
  2669 | D:3      | Noticed Natasha
  2670 | D:3      | Noticed Ijyb
  2677 | D:3      | Killed Natasha
  2683 | D:3      | Killed Ijyb
  2683 | D:3      | Gained mutation: You are significantly more attuned to the shadows. [demonic ancestry]
  2683 | D:3      | Reached XP level 6. HP: 34/44 MP: 6/6
  2737 | D:3      | Noticed kraktruk's ghost (amateur GrFi)
  2759 | D:3      | Killed kraktruk's ghost
  3313 | D:2      | Reached skill level 7 in Long Blades
  3996 | D:4      | Found a glowing drain.
  4003 | Sewer    | Entered a sewer
  4107 | Sewer    | Reached XP level 7. HP: 50/50 MP: 7/7
  5291 | D:4      | Reached skill level 8 in Long Blades
  6017 | D:5      | Entered Level 5 of the Dungeon
  6036 | D:5      | Found a shadowy altar of Dithmenos.
  6313 | D:5      | Noticed Blork the orc
  6322 | D:5      | Killed Blork the orc
  6322 | D:5      | Reached skill level 9 in Long Blades
  6322 | D:5      | Gained mutation: You are partially covered in yellow scales (AC +2). [demonic ancestry]
  6322 | D:5      | Reached XP level 8. HP: 54/56 MP: 8/8
  7175 | D:5      | Found a stormy altar of Qazlal.
  7175 | D:5      | Found a glowing golden altar of the Shining One.
  7176 | D:5      | Found a shattered altar of Ashenzari.
  7352 | D:6      | Found a shattered altar of Ashenzari.
  7366 | D:6      | Reached skill level 10 in Long Blades
  7527 | D:6      | Found a deep blue altar of Sif Muna.
  7624 | D:6      | Noticed Eustachio
  7636 | D:6      | Killed Eustachio
  7854 | D:6      | Found a staircase to the Ecumenical Temple.
  7873 | Temple   | Entered the Ecumenical Temple
  7923 | Temple   | Became a worshipper of Makhleb the Destroyer
  8123 | D:6      | Found a glowing silver altar of Zin.
  8232 | D:7      | Noticed Dowan
  8236 | D:7      | Noticed Duvessa
  8242 | D:7      | Killed Dowan
  8252 | D:7      | Killed Duvessa
  8252 | D:7      | Reached skill level 1 in Invocations
  8307 | D:7      | Reached skill level 1 in Armour
  8319 | D:7      | Noticed Snowclone's ghost (amateur HuWn)
  8394 | D:7      | Killed Snowclone's ghost
  8394 | D:7      | Reached XP level 9. HP: 55/62 MP: 10/10
  8418 | D:7      | Found a bloodstained altar of Trog.
  9126 | D:8      | Reached * piety under Makhleb
  9401 | D:8      | Found a blossoming altar of Fedhas.
  9404 | D:8      | Noticed chonchonts's ghost (novice OpAs)
  9453 | D:8      | Killed chonchonts's ghost
  9453 | D:8      | Reached skill level 11 in Long Blades
  9453 | D:8      | Reached skill level 5 in Invocations
  9527 | D:8      | Found a sacrificial altar of Ru.
 10385 | D:8      | Reached skill level 5 in Fighting
 10406 | D:8      | Reached ** piety under Makhleb
 10406 | D:8      | Reached XP level 10. HP: 41/74 MP: 14/14
 10605 | D:8      | Found an iron altar of Okawaru.
 10971 | D:8      | HP: 3/74 [electric eel/bolt of electricity (9)]
 10972 | D:8      | Killed from afar by an electric eel

Action                   |  1- 3 |  4- 6 |  7- 9 | 10-12 || total
-------------------------+-------+-------+-------+-------++-------
Melee: Long sword        |   147 |   210 |   615 |    51 ||  1023
Throw: Tomahawk          |       |       |     2 |       ||     2
  Use: Scroll            |     5 |     8 |     8 |     1 ||    22
       Potion            |     1 |     1 |     2 |       ||     4
 Stab: Distracted        |       |     2 |     2 |       ||     4
  Eat: Chunk             |     2 |     9 |    16 |     2 ||    29
       Bread ration      |       |       |     1 |       ||     1
